 Dungeon Crawl Stone Soup version 0.30.0-20-g3615ddf2f0 (webtiles) character file.

Game seed: 12340376042311434072

359 qw the Chopper (level 6, -7/38 HPs)
             Began as a Gargoyle Fighter on June 1, 2023.
             Mangled by an orc warrior
             ... wielding a +0 glaive
              (9 damage)
             ... on level 4 of the Dungeon.
             The game lasted 00:01:18 (2562 turns).

qw the Chopper (Gargoyle Fighter)                   Turns: 2562, Time: 00:01:18

Health: -7/38      AC: 15    Str: 21    XL:     6   Next: 65%
Magic:  6/6        EV:  7    Int:  9    God:
Gold:   88         SH:  4    Dex:  9    Spells: 5/5 levels left

rFire   . . .        Y - +0 war axe
rCold   . . .        c - +0 buckler
rNeg    + . .        e - +0 chain mail
rPois   inf          (no helmet)
rElec   +            (no cloak)
rCorr   .            b - +0 pair of gloves
SInv    .            g - +0 pair of boots
Will    .....        (no amulet) Stlth
                     (no ring)
HPRegen 0.26/turn    (no ring)
MPRegen 0.10/turn

%: no passive effects
@: no status effects
A: sickness immunity, AC +4, negative energy resistance 1, electricity
resistance, torment resistance 1, petrification resistance
a: no special abilities


You were on level 4 of the Dungeon.
You visited 1 branch of the dungeon, and saw 4 of its levels.

You collected 88 gold pieces.


Innate Abilities, Weirdness & Mutations

You are immune to sickness and miasma.
Your stone body is resilient. (AC +4)
You are immune to poison.
You resist negative energy. (rN+)
You are resistant to electric shocks. (rElec)
You are resistant to unholy torment.
You are immune to petrification.


   Skills:
 - Level 4.0 Fighting
 - Level 6.0 Axes
 - Level 3.2 Armour
 + Level 0.0 Dodging
 - Level 3.2 Shields


You had 5 spell levels left.
You didn't know any spells.
Your spell library was empty.

Inventory:

Hand Weapons
 i - a +0 whip
 Y - a +0 war axe (weapon)
Armour
 b - a +0 pair of gloves (worn)
 c - a +0 buckler (worn)
 e - a +0 chain mail (worn)
 g - a +0 pair of boots (worn)
Scrolls
 j - a scroll of identify
Potions
 a - a potion of lignification
 d - 3 potions of might
 h - a potion of degeneration {unknown}
 k - a potion of heal wounds {unknown}
 m - a potion of curing {unknown}

Dungeon Overview and Level Annotations

Branches:
Dungeon (4/15)
 Temple: D:4-7

Altars:

Shops:
D:1 =*[=


Message History

You climb downwards.
The hobgoblin shouts!
The orc warrior shouts!
The orc wizard shouts!
The orc shouts!
There is a stone staircase leading up here.
There are monsters nearby!
Waypoint 3 assigned to D:4.
You block the orc wizard's attack.
The orc warrior hits you but does no damage.
You closely miss the orc warrior. You hit the orc but do no damage.
You hit the orc wizard.
An adder comes into view.
The orc closely misses you.
The orc wizard points at you and mumbles some strange words.
The magic dart hits you.
The orc warrior hits you with a +0 glaive!
You slash the orc wizard!
You kill the orc wizard!
You hit the hobgoblin but do no damage. You hit the orc warrior.
You slash the orc!
You kill the orc!
You block the hobgoblin's attack. The orc warrior closely misses you.
Your Axes skill increases to level 6!
You slash the orc warrior!
The orc warrior is heavily wounded.
You barely miss the hobgoblin. You block the hobgoblin's attack.
The orc warrior hits you with a +0 glaive!
You closely miss the orc warrior.
The orc warrior is heavily wounded.
You barely miss the hobgoblin. The hobgoblin hits you.
The orc warrior hits you with a +0 glaive.
The orc warrior closely misses you. The hobgoblin hits you.
You barely miss the orc warrior.
The orc warrior is heavily wounded.
You closely miss the adder. You barely miss the hobgoblin.
You block the adder's attack. The adder closely misses you.
The hobgoblin hits you but does no damage.
The orc warrior hits you with a +0 glaive!
You die...

. . ### .# ..
.. ..# ...
#.# #.#
....#..###..#
#...o)S..###.
##)@g......
#..<#####..
#.#...#
#.###.# # .#
#


You could see an orc warrior, an adder and a hobgoblin.

Vanquished Creatures
  Sigmund (D:2)
  Jessica (D:2)
  An orc wizard (D:4)
  4 gnolls (D:3)
  4 adders
  A worm (D:3)
  A dart slug (D:3)
  An orc (D:4)
  6 ball pythons
  9 endoplasms
  2 giant cockroaches
  7 hobgoblins
  3 jackals (D:3)
  6 kobolds
  4 bats
  4 frilled lizards
  4 goblins (D:1)
  9 rats
  A spectral hobgoblin (D:1)
69 creatures vanquished.

Notes
Turn   | Place    | Note
-------+----------+-------------------------------------------
     0 | D:1      | qw the Gargoyle Fighter began the quest for the Orb.
     0 | D:1      | Reached XP level 1. HP: 14/14 MP: 1/1
     0 | D:1      | 0 ||| qw: Version: 0.2-a-102-gdf20003
     0 | D:1      | 0 ||| qw: Game counter: 703
     0 | D:1      | 0 ||| qw: Always use a shield: true
     0 | D:1      | 0 ||| qw: God list: Okawaru
     0 | D:1      | 0 ||| qw: Allow faded altars: false
     0 | D:1      | 0 ||| qw: Do Orc after D:15 true
     0 | D:1      | 0 ||| qw: Do second Lair branch before Depths: true
     0 | D:1      | 0 ||| qw: Lair rune preference: random
     0 | D:1      | 0 ||| qw: Plans: Normal, Zot:1-4, Slime:5, God:TSO, Crypt,
                  | Tomb, Pan, Hells, Abyss, Win
     0 | D:1      | 0 ||| PLANNING D:1-11
    20 | D:1      | Reached skill level 2 in Axes
   156 | D:1      | Found Tifin's Jewellery Boutique.
   160 | D:1      | 160 ||| UPGRADING to +0 chain mail.
   162 | D:1      | 162 ||| UPGRADING to +0 chain mail.
   171 | D:1      | Reached XP level 2. HP: 19/19 MP: 2/2
   171 | D:1      | 171 ||| UPGRADING to +0 chain mail.
   181 | D:1      | 181 ||| DROPPING +0 scale mail.
   183 | D:1      | 183 ||| READING scroll labelled HUZOEC DYSS.
   196 | D:1      | 196 ||| SHOPLISTING +4 ring of protection (468 gold, have
                  | 0).
   196 | D:1      | 196 ||| SHOPLISTING +5 ring of evasion (468 gold, have 0).
   196 | D:1      | 196 ||| SHOPLISTING amulet of faith (520 gold, have 0).
   196 | D:1      | 196 ||| SHOPLISTING ring of protection from cold (325 gold,
                  | have 0).
   196 | D:1      | 196 ||| SHOPLISTING ring of protection from fire (325 gold,
                  | have 0).
   196 | D:1      | 196 ||| SHOPLISTING ring of see invisible (195 gold, have
                  | 0).
   269 | D:1      | 269 ||| Stepping ~*~*~tactically~*~*~ (stealth).
   271 | D:1      | Found Cenot's Assorted Antiques.
   285 | D:1      | 285 ||| SHOPLISTING glowing helmet (150 gold, have 0).
   285 | D:1      | 285 ||| SHOPLISTING long bronze wand (80 gold, have 0).
   285 | D:1      | 285 ||| SHOPLISTING pair of boots (90 gold, have 0).
   285 | D:1      | 285 ||| SHOPLISTING scroll labelled DYTUAWO FAOT (20 gold,
                  | have 0).
   285 | D:1      | 285 ||| SHOPLISTING scroll of identify (40 gold, have 0).
   289 | D:1      | 289 ||| Stepping ~*~*~tactically~*~*~ (stealth).
   290 | D:1      | 290 ||| Stepping ~*~*~tactically~*~*~ (stealth).
   417 | D:1      | Reached skill level 3 in Axes
   418 | D:1      | 418 ||| FLEEEEING.
   419 | D:1      | 419 ||| FLEEEEING.
   422 | D:1      | 422 ||| FLEEEEING.
   423 | D:1      | 423 ||| FLEEEEING.
   427 | D:1      | Reached XP level 3. HP: 22/23 MP: 3/3
   437 | D:1      | Found Fowayfu's Jewellery Boutique.
   445 | D:1      | 445 ||| SHOPLISTING amulet of regeneration (420 gold, have
                  | 9).
   445 | D:1      | 445 ||| SHOPLISTING amulet of the Four Winds {rN+ Will+++
                  | Clar} (849 gold, have 9).
   445 | D:1      | 445 ||| SHOPLISTING ring of positive energy (280 gold, have
                  | 9).
   445 | D:1      | 445 ||| SHOPLISTING ring of protection from cold (350 gold,
                  | have 9).
   549 | D:1      | Found a faded altar of an unknown god.
   550 | D:1      | 550 ||| Stepping ~*~*~tactically~*~*~ (water).
   570 | D:1      | Found Kabywk's Armour Shop.
   581 | D:1      | 581 ||| SHOPLISTING +0 helmet (63 gold, have 20).
   581 | D:1      | 581 ||| SHOPLISTING +1 chain mail of fire resistance (231
                  | gold, have 20).
   581 | D:1      | 581 ||| SHOPLISTING +1 cloak "Guenar" {rPois} (289 gold,
                  | have 20).
   581 | D:1      | 581 ||| SHOPLISTING +1 cloak of willpower (231 gold, have
                  | 20).
   581 | D:1      | 581 ||| SHOPLISTING +3 chain mail of willpower (371 gold,
                  | have 20).
   581 | D:1      | 581 ||| Stepping ~*~*~tactically~*~*~ (stealth).
   734 | D:1      | 734 ||| READING scroll labelled TIPTOUQ NAGA.
   735 | D:1      | 735 ||| READING 2 scrolls labelled MUMISU IFOOFA.
   736 | D:1      | 736 ||| DROPPING scroll of immolation.
   849 | D:2      | Noticed Jessica
   850 | D:2      | 850 ||| Stepping ~*~*~tactically~*~*~ (hiding).
   854 | D:2      | Killed Jessica
  1006 | D:2      | Noticed Sigmund
  1015 | D:2      | Killed Sigmund
  1016 | D:2      | Reached skill level 5 in Axes
  1016 | D:2      | Reached XP level 4. HP: 28/28 MP: 4/4
  1016 | D:2      | Reached XP level 5. HP: 32/32 MP: 5/5
  1045 | D:2      | Reached XP level 6. HP: 26/37 MP: 6/6
  1153 | D:2      | 1153 ||| Stepping ~*~*~tactically~*~*~ (stealth).
  1651 | D:2      | 1651 ||| UPGRADING to +0 pair of boots.
  1656 | D:2      | 1656 ||| READING 2 scrolls labelled CESTEM APORRU.
  1657 | D:2      | 1657 ||| READING scroll labelled NOMMUISHROCW.
  1658 | D:2      | 1658 ||| READING scroll labelled LEMEDE MENN.
  1659 | D:2      | 1659 ||| READING 2 scrolls of identify.
  1659 | D:2      | 1659 ||| IDENTIFYING murky green potion
  1660 | D:2      | 1660 ||| DROPPING scroll of magic mapping.
  1661 | D:2      | 1661 ||| DROPPING potion of brilliance.
  1783 | D:3      | 1783 ||| Stepping ~*~*~tactically~*~*~ (stealth).
  1786 | D:3      | 1786 ||| Stepping ~*~*~tactically~*~*~ (hiding).
  2032 | D:3      | 2032 ||| DROPPING +0 club.
  2067 | D:3      | 2067 ||| Stepping ~*~*~tactically~*~*~ (stealth).
  2202 | D:3      | 2202 ||| Stepping ~*~*~tactically~*~*~ (stealth).
  2213 | D:3      | 2213 ||| Stepping ~*~*~tactically~*~*~ (stealth).
  2518 | D:3      | 2518 ||| UPGRADING to +0 pair of gloves.
  2523 | D:3      | 2523 ||| READING 3 scrolls labelled WOGHEA KUACE.
  2524 | D:3      | 2524 ||| READING 2 scrolls of identify.
  2524 | D:3      | 2524 ||| IDENTIFYING fuming purple potion
  2525 | D:3      | 2525 ||| DROPPING 2 scrolls of poison.
  2556 | D:4      | Noticed an orc warrior
  2560 | D:4      | Reached skill level 6 in Axes
  2561 | D:4      | HP: 5/38 [orc warrior/+0 glaive (5)]
  2561 | D:4      | HP: 2/38 [hobgoblin (3)]
  2562 | D:4      | Mangled by an orc warrior

Levels and vault maps discovered:
D:1:      lemuel_arrival_broad_hall, layout_basic, serial_shops, shop, shop,
          nicolae_shop_tiny_glass, shop,
          dreamdust_ecumenical_altar_drowned_temple
D:2:      layout_basic, uniq_sigmund, uniq_jessica
D:3:      minmay_evil_eye, layout_basic
D:4:      layout_rooms, minmay_misc_feat_columns

Skill      XL: |  1  2  3  4  5  6 |
---------------+-------------------+-----
Axes           | 2 3 5 6 |  6.0
Fighting       | 4 |  4.0
Armour         | |  3.2
Shields        | |  3.2

Action                     |  1- 3 |  4- 6 || total
---------------------------+-------+-------++-------
  Melee: War axe           |    82 |   103 ||   185
    Use: Scroll            |     3 |     6 ||     9
 Armour: Scale mail        |    13 |       ||    13
         Chain mail        |    25 |    60 ||    85
  Dodge: Dodged            |    22 |    26 ||    48
  Block: Buckler           |    15 |    20 ||    35

Table legend:
 A = Non-vault XP
 B = Vault XP
 C = Vault XP percentage of total XP
 D = Non-vault monster count
 E = Vault monster count
 F = Vault count percentage of total count
                 A         B        C        D         E       F
            +---------+---------+-------+---------+---------+-------
      Total |     229 |     285 |  55.4 |      63 |       6 |   8.7
            +---------+---------+-------+---------+---------+-------
        D:1 |      38 |       1 |   2.6 |      23 |       1 |   4.2
        D:2 |      63 |     268 |  81.0 |      17 |       2 |  10.5
        D:3 |      90 |      16 |  15.1 |      21 |       3 |  12.5
        D:4 |      38 |       0 |   0.0 |       2 |       0 |   0.0
            +---------+---------+-------+---------+---------+-------
